AoeStats
← willrhyd

Lombardia

509960033Analyzed
3v3 RM · 3d ago on Sep 28, 2026· 20m 54s· 6 players
Game mode
Random Map
Map size
Normal (6 player)
Population
200
Speed
Normal
Resources
Standard
Victory
Conquest
Starting age
Dark Age
Ending age
Imperial Age
RankedLock teamsTeams togetherTeam positionsShared explorationLock speedFull tech treeHidden civsTurbo modeCheats
Victory
Defeat
🇮🇳 Tatars · India
1374
+13
🇬🇧 Persians · United Kingdom
1369
+13
🇬🇧 Malay · United Kingdom
1330
+16
🇪🇸 Saxons · Spain
1321
-14
🇪🇸 Cumans · Spain
1315
-14
🇪🇸 Persians · Spain
1304
-14
RockAxe8716
7:44 Loom
11:29 Feudal Age
16:27 Castle Age
15:42 Horse Collar
15:48 Double-Bit Axe
15:42 Man-at-Arms
17:06 Bloodlines
18:07 Bloodlines
18:34 Bow Saw
20:24 Fletching
God Of The Sea People
6:55 Loom
13:34 Feudal Age
12:45 Man-at-Arms
13:12 Double-Bit Axe
14:13 Horse Collar
17:51 Wheelbarrow
21:02 Castle Age
20:02 Long Swordsman
20:57 Bow Saw
20:48 Heavy Plow
willrhyd
5:59 Loom
8:09 Feudal Age
9:43 Double-Bit Axe
17:12 Man-at-Arms
20:23 Castle Age
19:01 Scale Barding Armor
19:06 Horse Collar
21:02 Bloodlines
Kashmir
10:20 Feudal Age
8:37 Loom
13:22 Arson
15:42 Fletching
Omicronio
7:41 Loom
9:50 Feudal Age
12:13 Double-Bit Axe
18:29 Horse Collar
PsychoDog
4:48 Loom
9:28 Feudal Age
10:20 Double-Bit Axe
10:33 Horse Collar
19:35 Bloodlines
19:50 Bloodlines
22:49 Castle Age
Connection lost

Rejoining the realm…

Still unreachable

The connection could not be restored.

Session expired

The server has moved on; the page needs a fresh start.